 Dungeon Crawl Stone Soup version 0.29.1 (webtiles) character file.

Game seed: 11054978812828159959

13 AttackTheMoon the Chopper (level 2, 22/22 HPs)
             Began as a Hill Orc Gladiator on Sept 12, 2022.
             Was a Follower of Hepliaklqana.
             Quit the game on level 1 of the Dungeon.
             The game lasted 00:00:24 (380 turns).

AttackTheMoon the Chopper (Hill Orc Gladiator)       Turns: 380, Time: 00:00:25

Health: 22/22      AC:  4    Str: 16    XL:     2   Next: 37%
Magic:  2/2        EV: 12    Int:  8    God:    Hepliaklqana [*.....]
Gold:   20         SH:  0    Dex: 12    Spells: 1/1 levels left

rFire   . . .      SeeInvis .   a - +0 war axe
rCold   . . .      Faith    .   (no shield)
rNeg    . . .      Spirit   .   b - +0 leather armour
rPois   .          Reflect  .   c - +0 helmet
rElec   .          Harm     .   (no cloak)
rCorr   .          Rampage  .   (no gloves)
Will    .....                   (no boots)
Stlth   +.........              (no amulet)
HPRegen 0.07/turn               (no ring)
MPRegen 0.08/turn               (no ring)

@: no status effects
A: reduced essence
a: Renounce Religion, Recall Ancestor, Ancestor Identity


You were on level 1 of the Dungeon.
You worshipped Hepliaklqana.
Hepliaklqana was aware of your devotion.
You visited 1 branch of the dungeon, and saw 1 of its levels.

You collected 20 gold pieces.

Inventory:

Hand Weapons
 a - a +0 war axe (weapon)
Missiles
 d - 3 throwing nets (quivered)
 e - a javelin
Armour
 b - a +0 leather armour (worn)
 c - a +0 helmet (worn)
Scrolls
 h - a scroll of identify {unknown}
Potions
 f - 2 potions of might {unknown}
 g - a potion of degeneration {unknown}


   Skills:
 + Level 2.8 Fighting
 + Level 4.3 Axes
 + Level 2.1 Throwing
 - Level 2.4 Dodging


You had one spell level left.
You didn't know any spells.
Your spell library was empty.

Dungeon Overview and Level Annotations

Branches:
Dungeon (1/15)

Altars:
Hepliaklqana


Message History

No target in view!
No target in view!
No target in view!
You see here a rat corpse.
h - a scroll labelled WADDYU HELUTY You open the huge gate.
Found a faded altar of an unknown god.
Found a stone staircase leading down.
There is a huge open gate here.
There is a huge open gate here.
There is a huge open gate here.
There is a huge open gate here.
A frilled lizard comes into view.
You slash the frilled lizard!
You kill the frilled lizard!
No target in view!
No target in view!
No target in view!
No target in view!
No target in view!
No target in view!
No target in view!
No target in view!
No target in view!
There is a huge open gate here.
There is a huge open gate here.
There is a faded altar of an unknown god here.
You cannot tell which god this altar belongs to.
Convert to them anyway?
Hepliaklqana accepts your prayer! Hepliaklqana welcomes you!
Hepliaklqana forms a fragment of your life essence into the memory of your ancestor, Belshunu!
You can now recall your ancestor.
You can now remember your ancestor's identity.
There is a huge open gate here.
There is a huge open gate here.
There is a stone staircase leading down here.
You now have 20 gold pieces (gained 10).
A hobgoblin comes into view.
The hobgoblin shouts!
A hobgoblin is nearby!
Are you sure you want to abandon this character and quit the game? (Confirm with "yes".)

###########.# #.
..........#.### #.
#####.'''''..... #.
#...>.'''''..... #.
#.###.''_''...## #.
#.# #.'''''...# #.
#.# #.'''''##.#
####.##.###......##.#
#....@R..†..#######.#
#.##.##.###.# #.# #g
#.# #.# #.. .. #.#
#.# ### ... ..# #.#
.### ### #.# #. #.# #
#.#


You could see the friendly Belshunu the ancestor and a hobgoblin.

Vanquished Creatures
  2 endoplasms (D:1)
  3 goblins (D:1)
  A quokka (D:1)
  2 bats (D:1)
  A frilled lizard (D:1)
  A kobold (D:1)
  3 rats (D:1)
13 creatures vanquished.

Notes
Turn   | Place    | Note
-------+----------+-------------------------------------------
     0 | D:1      | AttackTheMoon the Hill Orc Gladiator began the quest for
                  | the Orb.
     0 | D:1      | Reached XP level 1. HP: 18/18 MP: 1/1
   101 | D:1      | Reached XP level 2. HP: 12/25 MP: 2/2
   351 | D:1      | Found a faded altar of an unknown god.
   365 | D:1      | Prayed at the altar of an unknown god.
   365 | D:1      | Became a worshipper of Hepliaklqana the Forgotten
   365 | D:1      | Reached * piety under Hepliaklqana
   380 | D:1      | Quit the game

Illustrated notes

Levels and vault maps discovered:
D:1:      doesnt_arrival_eight_statues, layout_loops_ring,
          hellmonk_ecumenical_altar_heavens_door, serial_shops,
          nicolae_shop_behind_doors, st_stairs_9, nrook_campfire

Skill      XL: |  1 |
---------------+----+-----
Throwing       | 2 |  2.1
Fighting       | |  2.8
Axes           | |  4.3
Dodging        | |  2.4

Action                   || total
-------------------------++-------
Melee: War axe           ||    26
       Punch             ||     1
Armor: Leather armour    ||    11
Dodge: Dodged            ||    19
